 Dungeon Crawl Stone Soup version 0.31-a0-1321-g5021b54cb2 (webtiles) character file.

Game seed: 14023279283230460850

29668 Jeffwins the Covert (level 13, -17/69 HPs)
             Began as a Vine Stalker Delver on Dec 20, 2023.
             Was a High Priest of Vehumet.
             Demolished by a death yak (20 damage)
             ... on level 4 of the Lair of Beasts.
             The game lasted 00:28:35 (13959 turns).

Jeffwins the Covert (Vine Stalker Delver)          Turns: 13959, Time: 00:28:35

Health: -17/69     AC: 10    Str: 27    XL:     13   Next: 46%
Magic:  0/27       EV: 12    Int: 14    God:    Vehumet [*****.]
Gold:   607        SH:  0    Dex: 17    Spells: 23/30 levels left

rFire   . . .        a - +6 rapier (elec)
rCold   . . .        (no shield)
rNeg    . . .        J - +2 leather armour {rPois}
rPois   +            (no helmet)
rElec   .            k - scarf {+Inv}
rCorr   .            w - +1 pair of gloves
SInv    .            T - +2 pair of boots
Will    +....        g - amulet of regeneration
Stlth   ++++         s - +6 ring of strength
HPRegen 1.91/turn    S - +6 ring of strength
MPRegen 0.20/turn

%: guardian spirit
@: no status effects
A: fangs 3, regeneration 1, magic shield, antimagic bite, no potion heal 2
a: Renounce Religion, Evoke Invisibility


You were on level 4 of the Lair of Beasts.
You worshipped Vehumet.
Vehumet was extremely pleased with you.
You visited 2 branches of the dungeon, and saw 17 of its levels.
You also visited: Sewer.

You collected 909 gold pieces.
You spent 302 gold pieces at shops.


Innate Abilities, Weirdness & Mutations

You have razor-sharp teeth.
Your natural rate of healing is unusually fast.
When hurt, damage is shared between your health and your magic reserves.
Your bite disrupts and absorbs the magic of your enemies.
Potions cannot restore your health.


   Skills:
 + Level 8.7 Fighting
 * Level 9.3 Short Blades
 - Level 4.6(6.0) Axes
 - Level 5.9(6.6) Polearms
 + Level 7.8 Throwing
 - Level 2.0 Dodging
 - Level 10.0 Stealth
 * Level 9.4 Spellcasting
 * Level 0.5 Conjurations
 * Level 7.6 Evocations


You had 23 spell levels left.
You knew the following spells:

 Your Spells              Type           Power      Damage    Failure   Level
z - Orb of Destruction    Conj           4%         9d5       100%        7

Your spell library contained the following spells:

 Spells                   Type           Power      Damage    Failure   Level
 Eringya's Noxious Bog    Alch           3%         4d6       98%         6
 Magic Dart               Conj           32%        1d4       2%          1
 Searing Ray              Conj           16%        2d5       4%          2
 Stone Arrow              Conj/Erth      14%        3d7       9%          3
 Call Imp                 Summ           12%        N/A       19%         2
 Sublimation of Blood     Necr           6%         N/A       19%         2
 Fulminant Prism          Conj/Alch      3%         3d5       28%         4
 Fugue of the Fallen      Necr           6%         N/A       36%         3
 Ozocubu's Armour         Ice            6%         N/A       36%         3
 Summon Guardian Golem    Hex/Summ       6%         N/A       36%         3
 Lee's Rapid Deconstruct  Erth           3%         3d5*      61%         5
 Animate Armour           Summ/Erth      12%        N/A       77%         4
 Leda's Liquefaction      Alch/Erth      3%         N/A       77%         4
 Manifold Assault         Tloc           6%         N/A       77%         4
 Bombard                  Conj/Erth      3%         9d1       98%         6
 Spellforged Servitor     Conj/Summ      3%         N/A       100%        7
 Summon Hydra             Summ           3%         N/A       100%        7
 Lehudib's Crystal Spear  Conj/Erth      3%         10d3      100%        8

Inventory:

Hand Weapons
 a - a +6 rapier of electrocution (weapon)
 A - a +1 dagger of venom
 H - a +0 demon trident of chaos
 L - a +2 heavy scimitar
 V - a +4 dagger
Missiles
 b - 2 curare-tipped darts (quivered) {=f}
 p - 34 poisoned darts
Armour
 k - a scarf of invisibility (worn)
 l - a +1 robe of resistance
 w - a +1 pair of gloves (worn)
 E - a +2 robe of willpower
 J - a +2 leather armour of poison resistance (worn)
 T - a +2 pair of boots (worn)
 Y - an orb of energy
Magical Staves
 j - a staff of cold
Jewellery
 g - an amulet of regeneration (around neck)
 s - a +6 ring of strength (left hand)
 z - an amulet of reflection
 C - a ring of ice
 R - a ring of resist corrosion
 S - a +6 ring of strength (right hand)
 Z - a ring of wizardry
Wands
 v - a wand of polymorph (6)
 F - a wand of mindburst (10)
 K - a wand of flame (38)
 M - a wand of digging (5)
 N - a wand of iceblast (12)
Scrolls
 c - a scroll of fog
 d - 3 scrolls of revelation
 t - a scroll of vulnerability {!r}
 u - a scroll of torment {!r}
 x - 3 scrolls of teleportation {@r4}
 y - 4 scrolls of poison {!r}
 O - a scroll of immolation {!r}
 Q - a scroll of amnesia
 U - 3 scrolls of enchant armour
Potions
 f - 4 potions of haste {@q3}
 h - 3 potions of mutation {!q}
 i - 3 potions of attraction {!q}
 m - a potion of lignification {!q}
 n - 6 potions of enlightenment
 o - 4 potions of might
 q - a potion of invisibility
 r - 2 potions of magic
 B - 2 potions of resistance
 D - a potion of berserk rage {!q}
 G - 6 potions of curing {@q1}
 I - 2 potions of ambrosia
 P - 4 potions of brilliance

Dungeon Overview and Level Annotations

Branches:
Dungeon (12/15)            Temple (0/1) D:7            Lair (5/5) D:10
  Swamp (0/4) Lair:3        Snake (0/4) Lair:3        Slime (0/5) Lair:5
    Orc (0/2) D:10          Sewer (visited)

Altars:
Cheibriados
Dithmenos
Kikubaaqudgha
Makhleb
Nemelex Xobeh
Okawaru
Qazlal
Ru
Uskayaw
Vehumet
Yredelemnul
The Shining One
Jiyva

Shops:
D:1 *   D:9 !*

Annotations:
D:10 1 exclusion
D:12 Jorgrun

##.................
#P..###....#....##.
##..# ##..#..#.#.#.
#...# #...........
##.## ##......#.#.
#..# #....รท.....
#.## ###........ #.#
#########.#..P
##@###.##.###P..#.#
##.Y................
#.#######.#.##.....)
### ##########.. ###


You could see a death yak.


Message History

* * * LOW HITPOINT WARNING * * *
Unknown command.
As you read the scroll of fear, it crumbles to dust.
You assume a fearsome visage.
The death yak looks frightened! x2
The death yak resists with almost no effort.
The death yak misses you.
Unknown command.
Okay, then.
The death yak attacks as it pursues you!
The death yak gores you but does no damage.
There is a stone staircase leading up here.
The death yak gores you but does no damage.
You climb upwards.
There is a stone staircase leading down here.
You hit the death yak.
You bite the death yak, but do no damage.
The death yak is lightly wounded.
The death yak gores you!!
* * * LOW HITPOINT WARNING * * *
You barely miss the death yak.
The death yak is lightly wounded.
The death yak gores you!
* * * LOW HITPOINT WARNING * * *
You puncture the death yak! You bite the death yak. You drain its power.
You feel invigorated.
The death yak is moderately wounded.
You hit the death yak.
The death yak is moderately wounded.
The death yak gores you!!
You die...

Skill      XL: |  1  2  3  4  5  6  7  8  9 10 11 12 13 |
---------------+----------------------------------------+-----
Axes           | 2 3 4 |  4.6
Fighting       | 3 4 5 6 7 8 |  8.7
Polearms       | 1 2 4 5 |  5.9
Throwing       | 1 2 4 5 6 7 |  7.8
Short Blades   | 1 4 6 7 8 9 |  9.3
Dodging        | 2 |  2.0
Spellcasting   | 3 5 7 8 9 |  9.4
Stealth        | 7 8 9 10 | 10.0
Evocations     | 2 5 6 7 |  7.6
Conjurations   | |  0.5

Action                     |  1- 3 |  4- 6 |  7- 9 | 10-12 | 13-15 || total
---------------------------+-------+-------+-------+-------+-------++-------
  Melee: Hand axe          |    77 |   104 |       |       |       ||   181
         Bite              |    14 |    34 |    75 |   194 |    79 ||   396
         Punch             |     1 |     3 |     3 |     7 |     4 ||    18
         Trident           |       |    73 |   191 |       |       ||   264
         Unarmed           |       |     5 |       |       |       ||     5
         Dagger            |       |       |    15 |       |       ||    15
         Rapier            |       |       |   126 |   560 |   162 ||   848
  Throw: Dart              |       |     3 |    10 |     4 |       ||    17
  Evoke: Wand              |       |       |     4 |    18 |       ||    22
    Use: Scroll            |       |     3 |     7 |    12 |     7 ||    29
         Potion            |       |     3 |       |       |       ||     3
   Stab: Sleeping          |    11 |     7 |    14 |    10 |     7 ||    49
         Distracted        |       |     1 |     1 |     1 |       ||     3
 Armour: Leather armour    |    43 |   107 |   109 |   479 |   154 ||   892
         Skin              |       |     4 |       |       |       ||     4
         Robe              |       |       |   109 |       |       ||   109
  Dodge: Dodged            |    60 |    86 |   154 |   320 |    89 ||   709

Levels and vault maps discovered:
D:1:      saegor_arrival_simple_a, layout_basic, serial_co_window_serial,
          co_window_cross_1, co_window_corner_a, co_window_corner_a,
          co_window_of_opportunity_a, co_window_corner_a, co_window_paths_a,
          co_window_paths_a, co_window_cross_4, co_window_broadway_a,
          co_window_paths_c, co_window_broadway_a, co_window_2corner,
          glass_columns_b, serial_shops,
          nicolae_shop_temple_entry_statues_fountains, minmay_fountain_box,
          hangedman_decor_push, minmay_pentomino_o2
D:2:      layout_basic
D:3:      layout_loops_cross
D:4:      layout_basic, corexii_checkpoint, grunt_ministairs_7, uniq_sigmund,
          uniq_ijyb
D:5:      layout_loops_ring, lemuel_doored_altar
D:6:      layout_basic, vehumet_crystals, portal_sewer_entry_e,
          serial_bayou_pond_d, uniq_eustachio, uniq_maggie, uniq_edmund
D:7:      layout_basic, mainiacjoe_overflow_concentric_impassable,
          mainiacjoe_overflow_alcove_4, nemelex_xobeh_ov_fountains_minmay,
          chequers_temple_overflow_statue_of_worship,
          minmay_temple_entry_butterflies
D:8:      nicolae_BIG_FREAKIN_CUBE, layout_loops_ring, uniq_grum
D:9:      layout_roguey, nicolae_dithmenos_shadow_blocks, serial_shops,
          nicolae_shop_tiny_glass, minmay_shop_grid_forest, minivault_23,
          uniq_jeremiah
D:10:     layout_basic, tso_metal_star, erik_lair_island, david_orc_2,
          hex_medium, minivault_12, uniq_sonja
D:11:     layout_rooms, amcnicky_mini_corridor_feature,
          okawaru_altar_gauntlet_db
D:12:     minmay_stone_box, layout_basic, uniq_jorgrun
Lair:1:   layout_small_grid, grunt_forest_large_clearings
Lair:2:   layout_concentric_octagons, serial_bayou_shore_a
Lair:3:   layout_hall_layers, swamp_mist, dummy_snake_entry,
          lemuel_fruit_fields, grunt_megastairs_4
Lair:4:   layout_loops_ring, beast_lair_carwin_4
Lair:5:   hangedman_lair_in_review, layout_gridlike,
          nicolae_slime_entry_field_trip

Notes
Turn   | Place    | Note
-------+----------+-------------------------------------------
     0 | D:5      | Jeffwins the Vine Stalker Delver began the quest for the
                  | Orb.
     0 | D:5      | Reached XP level 1. HP: 11/11 MP: 2/2
    42 | D:4      | Reached skill level 2 in Axes
    85 | D:3      | Reached XP level 2. HP: 10/16 MP: 1/3
   220 | D:2      | Reached skill level 3 in Axes
   220 | D:2      | Reached XP level 3. HP: 19/19 MP: 4/4
   486 | D:1      | Found Gang's Assorted Antiques.
   495 | D:1      | Bought a murky grey potion for 23 gold pieces
   495 | D:1      | Bought a metallic clear potion for 23 gold pieces
  1063 | D:1      | Reached XP level 4. HP: 23/23 MP: 5/5
  1435 | D:2      | Reached skill level 4 in Axes
  1701 | D:2      | Reached skill level 3 in Fighting
  1706 | D:2      | Reached XP level 5. HP: 14/28 MP: 4/6
  2224 | D:1      | Bought a scroll labelled ECHU UCWOEDEDE for 26 gold pieces
  2543 | D:4      | Reached skill level 1 in Polearms
  2599 | D:3      | Reached XP level 6. HP: 27/32 MP: 5/7
  2627 | D:3      | Reached skill level 1 in Throwing
  2708 | D:4      | Noticed Ijyb
  2716 | D:4      | Killed Ijyb
  2717 | D:4      | Reached skill level 2 in Polearms
  2765 | D:4      | Noticed Sigmund
  2790 | D:4      | Killed Sigmund
  2791 | D:4      | Reached XP level 7. HP: 33/37 MP: 6/8
  2992 | D:4      | Reached skill level 4 in Fighting
  2992 | D:4      | Reached skill level 3 in Polearms
  2992 | D:4      | Reached skill level 2 in Throwing
  3779 | D:5      | Reached skill level 4 in Polearms
  3966 | D:5      | Gained mutation: You have razor-sharp teeth. [Vine Stalker
                  | growth]
  3966 | D:5      | Reached XP level 8. HP: 35/42 MP: 7/9
  4045 | D:5      | Reached skill level 3 in Throwing
  4118 | D:5      | Found a sacrificial altar of Ru.
  4412 | D:6      | Reached skill level 5 in Polearms
  4447 | D:6      | Reached skill level 5 in Fighting
  4594 | D:6      | Noticed Eustachio
  4620 | D:6      | Killed Eustachio
  4621 | D:6      | Reached skill level 4 in Throwing
  4646 | D:6      | Reached skill level 1 in Short Blades
  4681 | D:6      | Noticed Maggie
  4683 | D:6      | Maggie changed into Maggie the crocodile
  4683 | D:6      | Noticed Maggie
  4693 | D:6      | Killed Maggie the crocodile
  4694 | D:6      | Reached XP level 9. HP: 29/47 MP: 5/10
  4767 | D:6      | Found a glowing drain.
  4773 | Sewer    | Entered a sewer
  4847 | Sewer    | Reached skill level 2 in Short Blades
  4870 | Sewer    | Found a white marble altar of Elyvilon.
  5000 | D:6      | Noticed Edmund
  5010 | D:6      | Killed Edmund
  5039 | D:6      | Reached skill level 3 in Short Blades
  5211 | D:6      | Found a radiant altar of Vehumet.
  5217 | D:6      | Became a worshipper of Vehumet
  5339 | D:7      | Found a staircase to the Ecumenical Temple.
  5371 | D:7      | Reached skill level 2 in Dodging
  5382 | D:7      | Found a stormy altar of Qazlal.
  5387 | D:7      | Found a sparkling altar of Nemelex Xobeh.
  5482 | D:7      | Reached skill level 6 in Fighting
  5482 | D:7      | Reached skill level 1 in Spellcasting
  5518 | D:7      | Found a snail-covered altar of Cheibriados.
  5519 | D:7      | Found a basalt altar of Yredelemnul.
  5519 | D:7      | Found a hide-covered altar of Uskayaw.
  5884 | D:7      | Found a burning altar of Makhleb.
  5927 | D:7      | Found an ancient bone altar of Kikubaaqudgha.
  6199 | D:8      | Noticed Grum
  6213 | D:8      | Reached skill level 2 in Spellcasting
  6343 | D:8      | Reached skill level 5 in Throwing
  6378 | D:8      | Reached skill level 4 in Short Blades
  6541 | D:8      | Reached skill level 7 in Stealth
  6541 | D:8      | Reached skill level 3 in Spellcasting
  6679 | D:8      | Killed Grum
  6680 | D:8      | Reached XP level 10. HP: 36/53 MP: 11/15
  6975 | D:9      | Found Etuff's Distillery.
  6988 | D:9      | Identified the +2 scale mail of Tortelloni {Str+4}
  6988 | D:9      | Noticed Jeremiah
  7308 | D:9      | Killed Jeremiah
  7387 | D:9      | Reached skill level 5 in Short Blades
  7445 | D:9      | Noticed a two-headed ogre
  7446 | D:9      | Found a shadowy altar of Dithmenos.
  7457 | D:9      | Killed a two-headed ogre
  7458 | D:9      | Reached skill level 4 in Spellcasting
  7458 | D:9      | Reached skill level 1 in Evocations
  7611 | D:9      | Found Puimao's Assorted Antiques.
  7618 | D:9      | Bought a scroll of identify for 46 gold pieces
  7618 | D:9      | Bought a runed scarf for 184 gold pieces
  8092 | D:10     | Entered Level 10 of the Dungeon
  8117 | D:10     | Reached * piety under Vehumet
  8117 | D:10     | Offered knowledge of Kiss of Death by Vehumet.
  8141 | D:10     | Noticed Sonja
  8152 | D:10     | Killed Sonja
  8153 | D:10     | Reached skill level 8 in Stealth
  8153 | D:10     | Reached skill level 5 in Spellcasting
  8153 | D:10     | Reached skill level 2 in Evocations
  8221 | D:10     | Reached skill level 7 in Fighting
  8228 | D:10     | Reached skill level 6 in Short Blades
  8261 | D:10     | Found a staircase to the Lair.
  8261 | D:10     | Noticed a two-headed ogre
  8277 | D:10     | Reached skill level 6 in Throwing
  8277 | D:10     | Reached XP level 11. HP: 57/58 MP: 18/20
  8288 | D:10     | Killed a two-headed ogre
  8289 | D:10     | Reached skill level 3 in Evocations
  8490 | D:10     | Found a glowing golden altar of the Shining One.
  8652 | D:10     | Found a staircase to the Orcish Mines.
  8701 | D:10     | Reached skill level 6 in Spellcasting
  8735 | D:10     | Noticed a four-headed hydra
  8735 | D:10     | Noticed a deep elf pyromancer
  8735 | D:10     | Noticed an ogre mage
  8735 | D:10     | Noticed a centaur warrior
  8744 | D:10     | Noticed a deep elf pyromancer
  8744 | D:10     | Noticed an orc knight
  8789 | D:10     | Noticed an ogre mage
  8789 | D:10     | Noticed a skeletal warrior
  8896 | D:10     | Reached ** piety under Vehumet
  8896 | D:10     | Offered knowledge of Searing Ray by Vehumet.
  8897 | D:10     | Reached skill level 4 in Evocations
  9347 | D:11     | Identified a +1 robe of resistance
  9569 | D:11     | Found an iron altar of Okawaru.
  9744 | D:12     | Noticed a deep elf pyromancer
  9745 | D:12     | Noticed Jorgrun
  9926 | Lair:1   | Entered Level 1 of the Lair of Beasts
  9985 | Lair:1   | Reached skill level 7 in Short Blades
 10037 | Lair:1   | Reached skill level 9 in Stealth
 10065 | Lair:1   | Reached skill level 7 in Spellcasting
 10114 | Lair:1   | Reached skill level 5 in Evocations
 10125 | Lair:1   | Offered knowledge of Momentum Strike by Vehumet.
 10126 | Lair:1   | Reached XP level 12. HP: 43/64 MP: 20/23
 10286 | Lair:1   | Reached *** piety under Vehumet
 10876 | Lair:1   | Reached skill level 7 in Throwing
 11025 | Lair:2   | Reached skill level 8 in Fighting
 11066 | Lair:2   | Reached skill level 8 in Short Blades
 11287 | Lair:2   | Offered knowledge of Frozen Ramparts by Vehumet.
 11288 | Lair:2   | Reached skill level 6 in Evocations
 11703 | Lair:2   | Reached skill level 8 in Spellcasting
 11861 | Lair:3   | Noticed an eight-headed hydra
 12169 | Lair:3   | Reached skill level 10 in Stealth
 12207 | Lair:3   | Found a staircase to the Snake Pit.
 12393 | Lair:3   | Reached **** piety under Vehumet
 12514 | Lair:3   | Found a staircase to the Swamp.
 12524 | Lair:3   | Offered knowledge of Olgreb's Toxic Radiance by Vehumet.
 12580 | Lair:3   | Identified 2 potions of resistance
 12627 | Lair:3   | Killed an eight-headed hydra
 12628 | Lair:3   | Reached XP level 13. HP: 69/69 MP: 26/26
 13022 | Lair:4   | Reached skill level 7 in Evocations
 13143 | Lair:4   | Reached skill level 9 in Spellcasting
 13529 | Lair:5   | Entered Level 5 of the Lair of Beasts
 13536 | Lair:5   | Reached skill level 9 in Short Blades
 13681 | Lair:5   | Found a viscous altar of Jiyva.
 13716 | Lair:5   | Found a staircase to the Slime Pits.
 13813 | Lair:5   | Reached ***** piety under Vehumet
 13884 | Lair:5   | Learned a level 7 spell: Orb of Destruction
 13931 | Lair:5   | Offered knowledge of Eringya's Noxious Bog by Vehumet.
 13938 | Lair:5   | HP: 6/69 [death yak (13)]
 13943 | Lair:5   | HP: 1/69 [death yak (12)]
 13957 | Lair:4   | HP: 1/69 [death yak (9)]
 13959 | Lair:4   | Demolished by a death yak

Vanquished Creatures
  A hydra (Lair:3)
  A death yak (Lair:5)
  2 two-headed ogres
  Sonja (D:10)
  A skyshark (Lair:4)
  18 elephants
  A black mamba (Lair:1)
  8 cane toads
  An unseen horror (D:10)
  2 rime drakes (Lair:4)
  A kobold demonologist (D:10)
  Jeremiah (D:9)
  2 komodo dragons
  2 trolls
  2 polar bears
  2 hornets
  14 dream sheep (Lair:3)
  Sigmund (D:4)
  A shadow (D:11)
  3 wyverns
  30 yaks
  Eustachio (D:6)
  A vampire (D:10)
  2 basilisks
  Grum (D:8)
  3 steam dragons
  Edmund (D:6)
  2 acid dragons
  7 water moccasins
  2 orc warriors
  A sky beast (D:6)
  3 ogres
  2 black bears (Lair:1)
  A crocodile (D:6)
  5 centaurs
  13 wolves
  2 phantoms (D:6)
  2 kobold brigands
  11 bullfrogs
  2 scorpions
  3 killer bees (D:7)
  2 electric eels (Lair:2)
  7 jellies
  6 hounds
  8 orc priests
  2 gnoll boudas
  A sleepcap (D:6)
  4 iguanas
  Ijyb (D:4)
  8 orc wizards
  17 gnolls
  7 adders
  2 river rats (D:6)
  A shadow imp (D:5)
  2 white imps
  A dart slug (D:3)
  35 orcs
  7 endoplasms
  5 giant cockroaches
  9 goblins
  7 hobgoblins
  8 jackals
  2 quokkas
  9 ball pythons
  6 bats
  2 frilled lizards (D:1)
  20 kobolds
  13 rats
352 creatures vanquished.

Table legend: (Time is in decaauts)
 A = Elapsed time spent in this place.
 B = Non-inter-level travel time spent in this place.
 C = Inter-level travel time spent in this place.
 D = Time resting spent in this place.
 E = Time spent auto-exploring this place.
 F = Levels seen in this place.
 G = Mean time per level.
                   A        B        C        D        E       F      G
               +--------+--------+--------+--------+--------+-----+--------+
         Total |  13927 |  13234 |    693 |    458 |   9453 |  18 |  773.7 |
       Dungeon |   9818 |   9215 |    603 |    349 |   6524 |  12 |  818.2 |
          Lair |   3948 |   3859 |     89 |    109 |   2816 |   5 |  789.6 |
         Sewer |    160 |    160 |      0 |      0 |    112 |   1 |  160.0 |
               +--------+--------+--------+--------+--------+-----+--------+

Top non-repeatable levels by time:
     D:8: 1088 daAuts
     D:1: 1084 daAuts
  Lair:1: 1062 daAuts
     D:4: 1018 daAuts
    D:10: 1017 daAuts
  Lair:3: 976 daAuts
     D:9: 895 daAuts
  Lair:2: 856 daAuts
     D:6: 854 daAuts
     D:3: 833 daAuts
     D:7: 826 daAuts
     D:5: 767 daAuts
    D:11: 765 daAuts
  Lair:4: 667 daAuts
     D:2: 630 daAuts

Table legend:
 A = Non-vault XP
 B = Vault XP
 C = Vault XP percentage of total XP
 D = Non-vault monster count
 E = Vault monster count
 F = Vault count percentage of total count
                 A         B        C        D         E       F
            +---------+---------+-------+---------+---------+-------
      Total |   34675 |    7708 |  18.2 |     275 |      77 |  21.9
            +---------+---------+-------+---------+---------+-------
        D:1 |      49 |       3 |   5.8 |      31 |       2 |   6.1
        D:2 |      99 |       0 |   0.0 |      16 |       0 |   0.0
        D:3 |     166 |       0 |   0.0 |      22 |       0 |   0.0
        D:4 |     323 |     272 |  45.7 |      20 |       6 |  23.1
        D:5 |     382 |       0 |   0.0 |      11 |       0 |   0.0
        D:6 |    1215 |     516 |  29.8 |      20 |      11 |  35.5
        D:7 |     440 |       0 |   0.0 |      14 |       0 |   0.0
        D:8 |    1105 |     412 |  27.2 |      14 |       3 |  17.6
        D:9 |    1842 |     370 |  16.7 |       8 |       1 |  11.1
       D:10 |    4270 |    1652 |  27.9 |      28 |      14 |  33.3
       D:11 |    1105 |      27 |   2.4 |      11 |       6 |  35.3
     Lair:1 |    8667 |     709 |   7.6 |      30 |       6 |  16.7
     Lair:2 |    2401 |       0 |   0.0 |      11 |       0 |   0.0
     Lair:3 |    3420 |    2649 |  43.6 |      18 |       8 |  30.8
     Lair:4 |    3014 |     817 |  21.3 |       8 |       4 |  33.3
     Lair:5 |    6177 |     172 |   2.7 |      13 |       4 |  23.5
      Sewer |       0 |     109 | 100.0 |       0 |      12 | 100.0
            +---------+---------+-------+---------+---------+-------
